 Dungeon Crawl Stone Soup version 0.28.0-1-gb440e238dd (webtiles) character file.

Game seed: 1742340627495545667

75 Kaptain the Sneak (level 4, 0/42 HPs)
             Began as an Octopode Earth Elementalist on Feb 19, 2022.
             Slain by a scorpion (3 damage)
             ... on level 2 of the Dungeon.
             The game lasted 00:03:58 (1796 turns).

Kaptain the Sneak (Octopode Earth Elementalist)     Turns: 1796, Time: 00:03:58

Health: 0/42       AC: 29    Str:  7    XL:     4   Next: 31%
Magic:  8/16       EV:  2    Int: 19    God:
Gold:   124        SH:  0    Dex: 12    Spells: 4/8 levels left

rFire   . . .      SeeInvis .   b - +1 dagger (protect)
rCold   . . .      Faith    .   (no shield)
rNeg    . . .      Spirit   .   (helmet currently unavailable)
rPois   +          Reflect  .   (no amulet)
rElec   .          Harm     .   f - ring of magical power
rCorr   .          Rampage  .   (no ring)
Will    .....      NoTele   +   (no ring)
Stlth   ++........              (no ring)
HPRegen 0.14/turn               (no ring)
MPRegen 0.15/turn               (no ring)
                                (no ring)
                                (no ring)

@: tree-form, under a protective aura
A: stationary, stasis, torment immunity, boosted hp, almost no armour,
(amphibious), 8 rings, (camouflage 1), (gelatinous body 1), (nimble swimmer 1),
(tentacles)
a: no special abilities


You were on level 2 of the Dungeon.
You were a tree.
You visited 1 branch of the dungeon, and saw 2 of its levels.

You collected 124 gold pieces.

Inventory:

Hand Weapons
 b - a +1 dagger of protection (weapon)
 e - a +0 mace
 g - a +0 short sword
 k - a +2 dagger of pain
Missiles
 m - 6 stones
Jewellery
 a - a ring of fire
 f - a ring of magical power (left branch)
Scrolls
 d - a scroll of noise {unknown}
 i - a scroll of magic mapping {unknown}
 j - 2 scrolls of identify {unknown}
 l - a scroll of fog {unknown}
Potions
 c - 2 potions of lignification
 h - a potion of degeneration {unknown}
 n - a potion of might {unknown}


   Skills:
 + Level 1.0 Fighting
 + Level 2.4 Dodging
 + Level 3.6 Stealth
 * Level 2.6 Spellcasting
 * Level 0.9 Conjurations
 - Level 1.0 Transmutations
 * Level 3.5 Earth Magic


You had 4 spell levels left.
You knew the following spells:

 Your Spells              Type           Power      Damage    Failure   Level
a - Sandblast             Erth           30%        2d9       3%          1
b - Stone Arrow           Conj/Erth      22%        3d8       19%         3

Your spell library contained the following spells:

 Spells                   Type           Power      Damage    Failure   Level
 Passwall                 Tmut/Erth      9%         N/A       10%         2
 Petrify                  Tmut/Erth      11%        N/A       52%         4


Dungeon Overview and Level Annotations

Branches:
Dungeon (2/15)

Altars:


Innate Abilities, Weirdness & Mutations

You are a tree.
Your roots penetrate the ground, keeping you stationary.
You cannot be teleported.
You are immune to unholy pain and torment.
Your maximum health is greatly increased.
You cannot wear most types of armour.
((You are amphibious.))
You can wear up to eight rings at the same time.
((Your skin changes colour to match your surroundings (Stealth+).))
((Your rubbery body absorbs attacks. (AC +1, EV +1)))
((You are camouflaged when in or above water. (Stealth+)))
((You have tentacles for arms and can constrict up to eight enemies at once.))


Message History

It was a potion of lignification.
You turn into a tree.
Your roots penetrate the ground.
The scorpion stings you but does no damage.
Casting: Stone Arrow (quite dangerous; 19% risk of failure)
Confirm with . or Enter, or press ? or * to list all spells.
The spell is quite dangerous to miscast (19% risk of failure)!
Continue anyway?
Okay, then.
Unknown command.
Casting: Stone Arrow (quite dangerous; 19% risk of failure)
Confirm with . or Enter, or press ? or * to list all spells.
Aiming: Sandblast (safe; 3% risk of failure)
Press: ? - help, Shift-Dir - straight line, f/p - scorpion
Aim: a scorpion (heavily wounded, 79% to hit)
The blast of sand hits the scorpion but does no damage.
The scorpion is heavily wounded.
The scorpion barely misses you.
Casting: Sandblast (safe; 3% risk of failure)
Confirm with . or Enter, or press ? or * to list all spells.
Aiming: Sandblast (safe; 3% risk of failure)
Press: ? - help, Shift-Dir - straight line, f/p - scorpion
Aim: a scorpion (heavily wounded, 79% to hit)
The blast of sand hits the scorpion but does no damage.
The scorpion is heavily wounded.
The scorpion stings you.
* * * LOW HITPOINT WARNING * * *
The scorpion stings you but does no damage.
Casting: Sandblast (safe; 3% risk of failure)
Confirm with . or Enter, or press ? or * to list all spells.
Aiming: Sandblast (safe; 3% risk of failure)
Press: ? - help, Shift-Dir - straight line, f/p - scorpion
Aim: a scorpion (heavily wounded, 79% to hit)
Okay, then.
You barely miss the scorpion.
The scorpion is heavily wounded.
The scorpion stings you but does no damage.
You hit the scorpion.
Your weapon exudes an aura of protection.
The scorpion is heavily wounded.
The scorpion stings you.
You die...

.#.....÷....# #.#
.#..........# #.#
.#........#### #.#
.###..#......# #.#
.............# #.#
########.>...######.#
...†....#....##.....#
#######.#.#####.....#
#######.#.#<...s♣...#
#......#.#.........#
#.#......#.........#
#.#.######.....#####
#.#.# #..... ##.#.#
#.(... #..#.# #.....
#.##.# #..... #....#


You could see a scorpion.

Vanquished Creatures
  Robin (D:2)
  An adder skeleton (D:2)
  A worm (D:2)
  2 dart slugs
  4 endoplasms
  A giant cockroach (D:1)
  11 goblins
  9 hobgoblins
  3 kobolds
  2 quokkas
  3 ball pythons (D:2)
  2 bats (D:1)
  3 frilled lizards
  7 rats
50 creatures vanquished.

Notes
Turn   | Place    | Note
-------+----------+-------------------------------------------
     0 | D:1      | Kaptain the Octopode Earth Elementalist began the quest for
                  | the Orb.
     0 | D:1      | Reached XP level 1. HP: 11/11 MP: 3/3
   276 | D:1      | Reached XP level 2. HP: 14/17 MP: 5/5
  1117 | D:2      | Reached XP level 3. HP: 22/22 MP: 6/6
  1226 | D:2      | Learned a level 3 spell: Stone Arrow
  1348 | D:2      | Noticed Robin
  1478 | D:2      | Killed Robin
  1479 | D:2      | Reached skill level 1 in Fighting
  1479 | D:2      | Reached XP level 4. HP: 28/28 MP: 7/7
  1778 | D:2      | Noticed a scorpion
  1794 | D:2      | HP: 2/42 [scorpion (4)]
  1796 | D:2      | Slain by a scorpion

Illustrated notes

Levels and vault maps discovered:
D:1:      minmay_arrival_radiant_lines, layout_rooms, grunt_decor_cap
D:2:      layout_basic, minmay_tetromino_o2, uniq_robin

Skill      XL: |  1  2  3 |
---------------+----------+-----
Stealth        | 3 |  3.6
Fighting       | 1 |  1.0
Dodging        | |  2.4
Spellcasting   | |  2.6
Conjurations   | |  0.9
Transmutations | |  1.0
Earth Magic    | |  3.5

Action                   |  1- 3 |  4- 6 || total
-------------------------+-------+-------++-------
Melee: Unarmed           |     4 |       ||     4
       Mace              |     6 |       ||     6
       Constrict         |    18 |     6 ||    24
       Tentacles         |    17 |     7 ||    24
       Short sword       |    11 |       ||    11
       Punch             |     1 |     1 ||     2
       Dagger            |    44 |    23 ||    67
 Cast: Sandblast         |    30 |     9 ||    39
  Use: Potion            |       |     1 ||     1
 Stab: Sleeping          |     3 |       ||     3
Armor: Skin              |     8 |     8 ||    16
Dodge: Dodged            |    31 |    14 ||    45
